[Event "IIFL Wealth  4th Mumbai Junior U-13"]
[Site "Mumbai"]
[Date "2019.01.05"]
[Round "7"]
[White "Shah Jeet"]
[Black "Bhagyashree Patil"]
[Result "1-0"]
[ECO "C54"]
[WhiteElo "1904"]
[BlackElo "1758"]
[Annotator "NA RC"]
[PlyCount "115"]
[EventDate "2018.12.30"]
[EventType "swiss"]
[EventCountry "IND"]
[SourceTitle "playchess.com"]
[Source "ChessBase"]
[SourceQuality "1"]
[TimeControl "40/5400+30:1800+30"]

1. e4 e5 2. Nf3 Nc6 3. Bc4 Bc5 4. c3 Nf6 5. d3 d6 6. Bb3 Bb6 7. Nbd2 {[%emt 0:06:15] C54: Giuoco Piano: 4 c3 Nf6, main lines with 5 d4 and 5 d3} (7. a4 a6 8. Na3 Ne7 9. a5 Ba7 10. Bg5 Ng6 11. Nh4 Nxh4 12. Bxh4 h6 13. Nc2 Qe7 14. Qe2 c6 {0-1 (84) Rapport,R (2707)-Ma,Q (2637) China 2017}) 7... a6 8. O-O O-O 9. Nc4 Ba7 10. Bg5 {[%emt 0:02:13] LiveBook: 4 Games} h6 11. Bh4 Ne7 12. Bxf6 $1 gxf6 13. Nh4 Kh7 $146 ({Predecessor:} 13... f5 14. Qh5 fxe4 15. Qxh6 exd3 16. Rae1 Nf5 17. Nxf5 Bxf5 18. Ne3 Bxe3 19. Rxe3 d5 20. Rxe5 Bg6 21. Rxd5 Qf6 22. Rg5 {1-0 (21) Bojkov,D (2542)-Stjazhkina,O (2240) Groningen 2010}) 14. Ne3 c6 15. Qf3 ({White should play} 15. Qh5 $18) 15... Ng6 (15... f5 $16) 16. Nhf5 Ne7 17. Ng3 Ng6 18. Nh5 Nh4 {[%emt 0:02:07] [#]} (18... f5 $16) 19. Qg3 $1 ({And not} 19. Qxf6 Qxf6 20. Nxf6+ Kg6 $17) 19... Ng6 20. Nf5 Be6 21. Qh3 ({Worse is} 21. Bxe6 fxe6 22. Nh4 Rg8 $11) 21... Rh8 22. Nhg3 Qf8 23. Nh5 Qd8 24. Bxe6 fxe6 25. Nxh6 Kxh6 26. Nf4+ Kg7 27. Nxe6+ Kf7 28. Nxd8+ Raxd8 29. Qf3 Rdg8 30. Qd1 Rg7 31. Qb3+ {[%emt 0:00:27] Double Attack} Kf8 32. Qe6 {[%emt 0:00:14] Double Attack} Rf7 33. Qxd6+ Kg7 34. g3 Nf8 35. Kg2 Rd7 36. Qb4 Ne6 37. Rad1 Rg8 38. Qc4 Rd6 39. Qb4 Rd7 40. Qb3 Re7 41. Kf3 Rd8 42. Ke2 Nc5 43. Qc2 $18 Kf7 44. h4 Ne6 45. h5 Rh8 46. Rh1 Ke8 47. h6 Reh7 48. Qd2 Rd7 49. Rh5 Nc5 50. Qe3 b5 51. Qf3 Rf7 52. Qf5 Ke7 53. d4 Ne6 54. d5 cxd5 55. exd5 Nc5 56. b4 Nd7 57. Qe6+ Kf8 58. Qxa6 1-0

[Event "IIFL Wealth  4th Mumbai Junior U-13"]
[Site "Mumbai"]
[Date "2019.01.05"]
[Round "7"]
[White "Aditya Varun Gampa"]
[Black "Laddha, Yash Jayesh"]
[Result "1-0"]
[ECO "B76"]
[WhiteElo "1809"]
[BlackElo "1449"]
[Annotator "NA RC"]
[PlyCount "85"]
[EventDate "2018.12.30"]
[EventType "swiss"]
[EventCountry "IND"]
[SourceTitle "playchess.com"]
[Source "ChessBase"]
[SourceQuality "1"]
[TimeControl "40/5400+30:1800+30"]

1. e4 c5 2. Nf3 d6 3. d4 cxd4 4. Nxd4 Nf6 5. Nc3 g6 6. Be3 Bg7 7. f3 O-O 8. Qd2 Nc6 9. g4 Be6 10. Nxe6 fxe6 11. O-O-O {[%emt 0:00:08] B76: Sicilian Dragon: Yugoslav Attack, 9 g4 and 9 0-0-0} d5 (11... Ne5 12. Be2 Qc8 13. h4 Nfd7 14. h5 Nc4 15. Bxc4 Qxc4 16. hxg6 hxg6 17. f4 Bxc3 18. bxc3 Nf6 19. Bd4 e5 20. fxe5 dxe5 {1-0 (41) Cornette,M (2611)-Jones,G (2640) chess.com INT 2018}) 12. exd5 exd5 $146 ({Predecessor:} 12... Nxd5 13. Nxd5 exd5 14. f4 d4 15. Bc4+ Kh8 16. Bf2 Qd6 17. Bg3 Qc5 18. Be6 b5 {1-0 (34) Cori Quispe,K (2487)-Romero Pallares,D (2202) Barcelona 2018}) 13. Bg2 e6 14. Bh6 (14. Nb5 $14) 14... Qe7 (14... Bxh6 $15 15. Qxh6 Qb6) 15. Bxg7 Qxg7 16. h4 a6 17. h5 g5 18. Rde1 Rae8 19. h6 Qg6 20. Bf1 d4 21. Ne2 Nd5 (21... Rc8 $14) 22. Ng3 (22. Nxd4 $18 {and White stays clearly on top.} Nxd4 23. Qxd4) 22... Nf4 23. Ne4 Rd8 (23... Ne5 $11 24. Qxd4 Nxf3 {[%mdl 64] Double Attack} 25. Qg7+ Qxg7 26. hxg7 Kxg7) 24. Kb1 (24. Nc5 $14) 24... Ne5 25. Nxg5 {[%emt 0:01:58] [#]} Qxg5 $2 {[%emt 0:03:25] [#]} ({Much weaker is} 25... Rd5 $6 26. Rxe5 Rxe5 27. Ne4 $11) (25... d3 $1 $17 26. cxd3 Nexd3) 26. Rh5 $1 {[%emt 0:00:16] [#]} Qf6 $2 (26... Qxh5 $1 $14 27. gxh5 Nxf3 {[%mdl 64] Double Attack}) 27. Rhxe5 Kh8 (27... Rd5 $142 28. Rxd5 exd5) 28. a3 b5 29. g5 Qf7 30. Bd3 Nxd3 31. Qxd3 Qxf3 32. Qxf3 Rxf3 33. Rxe6 a5 $18 34. Re7 Rdf8 35. Rb7 R3f5 36. g6 hxg6 37. Ree7 Rf1+ 38. Ka2 R1f7 39. Rxf7 Rxf7 40. Rxf7 g5 41. Rd7 g4 42. Rxd4 g3 43. Rg4 1-0

[Event "IIFL Wealth  4th Mumbai Junior U-13"]
[Site "Mumbai"]
[Date "2019.01.05"]
[Round "7"]
[White "Barde Om"]
[Black "Pawar, Harshit"]
[Result "0-1"]
[ECO "B00"]
[WhiteElo "1801"]
[BlackElo "1671"]
[Annotator "NA"]
[PlyCount "120"]
[EventDate "2018.12.30"]
[EventType "swiss"]
[EventCountry "IND"]
[SourceTitle "playchess.com"]
[Source "ChessBase"]
[SourceQuality "1"]
[TimeControl "40/5400+30:1800+30"]

1. e4 Nc6 2. d4 e5 3. d5 Nce7 4. c4 Nf6 5. Nc3 Ng6 6. Bd3 Bc5 7. h3 {[%emt 0:08:43] A50: Queen's Fianchetto Defence (1 d4 Nf6 2 c4 b6)} (7. Qe2 d6 8. g3 c6 9. h4 h6 10. Be3 Qb6 11. Bxc5 Qxc5 12. f3 a6 13. Qf2 Qa5 14. Nge2 cxd5 15. cxd5 {0-1 (48) Khairullin,I (2649)-Tregubov,P (2571) Sochi 2015}) 7... d6 8. Nge2 a6 9. Ng3 $146 ({Predecessor:} 9. O-O Nh5 10. Kh2 O-O 11. Rb1 Qh4 12. Ng3 Ngf4 13. Nxh5 Nxh5 {1-0 (50) Purnama,T (2102)-Goh,W (2221) Kuala Lumpur 2001}) 9... O-O 10. Qe2 Re8 11. Be3 Nf4 12. Bxf4 exf4 13. Nh5 Nxh5 14. Qxh5 Qf6 15. O-O Re5 16. Qf3 Rg5 17. Kh2 $2 (17. e5 $11 Rxe5 18. Ne4) 17... Bd4 18. Rac1 $2 {[%emt 0:08:50] [#]} (18. e5 Rxe5 19. Rab1) 18... Be5 (18... Qh6 $1 $19 19. e5 Bxe5) 19. Rh1 Qh6 20. Kg1 {[%emt 0:01:03] [#]} Rh5 $1 21. Kf1 Rh4 22. Rg1 g5 23. Qd1 Bd7 24. b4 Qf6 25. Nb1 Bb2 26. Rc2 Ba4 27. Nd2 Bxc2 28. Qxc2 Be5 29. Ke2 Rh6 30. Nf3 Rg6 31. Nh2 h5 32. f3 a5 33. b5 Bd4 34. Rb1 Bc5 35. Qb2 Bd4 36. Qc2 Qe5 37. Kd1 Rg7 38. Be2 Re8 39. Bd3 Bg1 40. Nf1 g4 41. hxg4 hxg4 42. Qb2 Bd4 43. Qe2 g3 44. Nd2 Rh7 45. Kc2 a4 46. Qd1 Rh2 47. Bf1 Kg7 48. Rb4 Ra8 49. Kc1 Bc3 50. Rb1 Rh1 51. Qe2 Qd4 52. Kc2 Rah8 53. Qd3 Qxd3+ 54. Kxd3 Bxd2 55. Kxd2 Rg1 56. a3 $19 b6 57. Ke2 Kf6 58. Rb4 Rhh1 59. Rb1 Ke5 60. Rd1 f6 0-1

[Event "IIFL Wealth  4th Mumbai Junior U-13"]
[Site "Mumbai"]
[Date "2019.01.05"]
[Round "7"]
[White "Bagwe Gaurang"]
[Black "Parab Ram Vishal"]
[Result "1-0"]
[ECO "C64"]
[WhiteElo "1768"]
[BlackElo "1242"]
[Annotator "NA RC"]
[PlyCount "119"]
[EventDate "2018.12.30"]
[EventType "swiss"]
[EventCountry "IND"]
[SourceTitle "playchess.com"]
[Source "ChessBase"]
[SourceQuality "1"]
[TimeControl "40/5400+30:1800+30"]

1. e4 e5 2. Nf3 Nc6 3. Bb5 Bc5 4. c3 Nf6 5. d3 d6 6. h3 O-O 7. O-O Bd7 8. d4 Bb6 9. Re1 Re8 10. Bxc6 Bxc6 11. d5 Bd7 12. Nbd2 Nh5 13. Nc4 Nf6 14. a4 c5 15. Bg5 Bc7 16. Nfd2 h6 17. Be3 b5 18. axb5 Bxb5 19. Qf3 Bxc4 20. Nxc4 a5 21. g4 Nh7 22. Qg3 Ng5 23. Bd2 Qf6 24. Kg2 Qg6 25. f3 Rab8 26. h4 Nh7 27. Re2 Nf6 28. g5 hxg5 29. hxg5 Nxd5 30. exd5 Qd3 31. Re4 Qxd5 32. Rh1 Rxb2 33. Nxb2 Qxd2+ 34. Qf2 Qxf2+ 35. Kxf2 Rb8 36. Na4 Rb3 37. Ree1 Ra3 38. Ra1 Rb3 39. Rhb1 Rxb1 40. Rxb1 Kf8 41. Rb7 Bd8 42. Rd7 Be7 43. Nb6 Ke8 44. Ra7 Bxg5 45. Nc8 d5 46. Nd6+ Kf8 47. Rxf7+ Kg8 48. Ra7 Bd2 49. Nb5 d4 50. c4 Kf8 51. Ke2 Bb4 52. Kd3 g5 53. Nd6 Bc3 54. Ke4 Bb4 55. Kf5 d3 56. Kf6 Kg8 57. Ra8+ Kh7 58. Nf7 d2 59. Nxg5+ Kh6 60. Rh8# 1-0

[Event "IIFL Wealth  4th Mumbai Junior U-13"]
[Site "Mumbai"]
[Date "2019.01.05"]
[Round "7"]
[White "Devesh Anand Naik"]
[Black "Potawad Anirudhha"]
[Result "1-0"]
[ECO "D78"]
[WhiteElo "1763"]
[BlackElo "1849"]
[Annotator "NA"]
[PlyCount "120"]
[EventDate "2018.12.30"]
[EventType "swiss"]
[EventCountry "IND"]
[SourceTitle "playchess.com"]
[Source "ChessBase"]
[SourceQuality "1"]
[TimeControl "40/5400+30:1800+30"]

1. Nf3 Nf6 2. g3 g6 3. Bg2 Bg7 4. O-O O-O 5. d4 d5 6. c4 c6 7. b3 b6 8. Bb2 {[%emt 0:00:41] D78: Fianchetto Grünfeld: 6 0-0 c6} Bb7 9. Nc3 Nbd7 {[%emt 0:03:23] LiveBook: 26 Games} 10. Rc1 (10. Qc2 e6 11. e4 Nxe4 12. Nxe4 dxe4 13. Qxe4 Qc7 14. Ne5 Nxe5 15. dxe5 Rab8 {½-½ (38) Ding,L (2777)-Ivanchuk,V (2726) Huaian 2017}) 10... a6 11. Qc2 $146 ({Predecessor:} 11. e3 e6 12. Qd2 Qe7 13. Rfd1 Rfd8 14. Qe1 Rac8 15. Na4 Ne4 16. Nd2 Nxd2 17. Rxd2 {1-0 (79) Calotescu,A (2176)-Badut,A (2015) Sovata 2000}) 11... Rc8 12. Rfd1 Qc7 13. Qb1 Qb8 14. Ne5 e6 15. Nxd7 Nxd7 16. e4 dxe4 17. Nxe4 Rfd8 18. c5 Bf8 ({Black should try} 18... Nf6 $1 $14) 19. Qc2 f5 $2 (19... Bg7 $16 {was necessary.} 20. Nd6 Rc7) 20. Ng5 Bh6 21. Nxe6 Re8 {[%emt 0:01:03] [#]} 22. Nf4 $1 Bxf4 23. gxf4 Qxf4 24. Qc4+ Kf8 25. cxb6 Qg4 26. h3 Qf4 27. Rc2 Qh4 28. Qc3 Qf6 29. Qb4+ Qe7 30. Qxe7+ Kxe7 31. Rdc1 Nxb6 32. Bxc6 Bxc6 33. Rxc6 Rxc6 34. Rxc6 Rb8 (34... Nd5 $16) 35. Rc7+ Nd7 36. Ra7 Rb6 37. Ba3+ Ke8 38. Ra8+ Kf7 39. Kg2 Nf6 40. Ra7+ Ke8 41. Bc5 Re6 42. b4 h5 43. a4 g5 44. Kf3 Nd5 45. Ra8+ Kd7 46. Rf8 g4+ 47. hxg4 fxg4+ 48. Kg3 Rf6 49. Rxf6 Nxf6 {[%emt 0:00:08] [#]} 50. Kh4 $1 Kc6 (50... Ne4 $142) 51. Kg5 Kd5 $18 (51... Ne4+ {was called for.} 52. Kxh5 Kd5) 52. b5 axb5 53. axb5 Ne4+ 54. Kxh5 g3 55. fxg3 Nxg3+ 56. Kg4 Ne4 57. b6 Nf6+ 58. Kf3 Nd7 59. Ke3 Kc6 60. Kd3 Kd5 {[%emt 0:00:32] Ke4+} 1-0

[Event "IIFL Wealth  4th Mumbai Junior U-13"]
[Site "Mumbai"]
[Date "2019.01.05"]
[Round "7"]
[White "Sadbhav Rautela"]
[Black "Kriti Mayur Patel"]
[Result "1-0"]
[ECO "C44"]
[WhiteElo "1746"]
[BlackElo "1439"]
[Annotator "NA RC"]
[PlyCount "91"]
[EventDate "2018.12.30"]
[EventType "swiss"]
[EventCountry "IND"]
[SourceTitle "playchess.com"]
[Source "ChessBase"]
[SourceQuality "1"]
[TimeControl "40/5400+30:1800+30"]

1. e4 e5 2. Nf3 Nc6 3. d4 exd4 4. Nxd4 Bb4+ 5. c3 Bc5 6. Nxc6 bxc6 7. Bd3 d6 8. O-O h6 9. Nd2 Nf6 10. Nb3 Bb6 11. h3 O-O 12. Bf4 Re8 13. Qc2 c5 14. Rad1 c4 15. Bxc4 Rxe4 16. Bd5 Rxf4 17. Bxa8 Ba6 18. g3 Qxa8 19. gxf4 Bxf1 20. Kxf1 Qh1+ 21. Ke2 Qxh3 22. Qd3 Qg4+ 23. Qf3 Qe6+ 24. Kd3 Qf5+ 25. Ke2 Qe6+ 26. Kf1 Ng4 27. Kg2 Nxf2 28. Nd4 Bxd4 29. Rxd4 Ng4 30. Qa8+ Kh7 31. Qe4+ Qxe4+ 32. Rxe4 Nf6 33. Ra4 Nd5 34. Kf3 Kg6 35. Rxa7 c6 36. Rd7 f6 37. Rxd6 h5 38. a4 Nb6 39. a5 Nc4 40. a6 Nxd6 41. a7 Nf5 42. a8=Q h4 43. Qxc6 h3 44. Qe4 Kh5 45. Qxf5+ Kh4 46. Qg4# 1-0

[Event "IIFL Wealth  4th Mumbai Junior U-13"]
[Site "Mumbai"]
[Date "2019.01.05"]
[Round "7"]
[White "Mayank Chakraborty"]
[Black "Amrit Raunak"]
[Result "1-0"]
[ECO "C66"]
[WhiteElo "1691"]
[BlackElo "1410"]
[Annotator "NA RC"]
[PlyCount "74"]
[EventDate "2018.12.30"]
[EventType "swiss"]
[EventCountry "IND"]
[SourceTitle "playchess.com"]
[Source "ChessBase"]
[SourceQuality "1"]
[TimeControl "40/5400+30:1800+30"]

1. e4 e5 2. Nf3 Nc6 3. Bb5 Nf6 4. O-O d6 5. d4 exd4 6. Nxd4 Bd7 7. Nc3 Nxd4 8. Bxd7+ Qxd7 9. Qxd4 Be7 10. Bg5 O-O 11. e5 Ne8 12. Bf4 Qf5 13. Nd5 Qd7 14. Nxe7+ Qxe7 15. exd6 Nxd6 16. Bxd6 Qxd6 17. Qxd6 cxd6 18. Rfd1 Rfd8 19. Rd4 Rac8 20. c4 Kf8 21. Rad1 Ke7 22. b3 Rc6 23. Re1+ Kd7 24. Rde4 Kc8 25. Re7 Rc7 26. f4 Rxe7 27. Rxe7 Rd7 28. Re8+ Kc7 29. Kf2 d5 30. cxd5 Rxd5 31. Rg8 Rd7 32. Rxg7 h5 33. Kg3 Rd2 34. Rxf7+ Kb6 35. f5 Rxa2 36. Re7 Ra1 37. Re3 Kc7 1-0

[Event "IIFL Wealth  4th Mumbai Junior U-13"]
[Site "Mumbai"]
[Date "2019.01.05"]
[Round "7"]
[White "Shreyas Ghadi"]
[Black "Kadam Om Manish"]
[Result "1/2-1/2"]
[ECO "E06"]
[WhiteElo "1653"]
[BlackElo "1944"]
[Annotator "NA RC"]
[PlyCount "93"]
[EventDate "2018.12.30"]
[EventType "swiss"]
[EventCountry "IND"]
[SourceTitle "playchess.com"]
[Source "ChessBase"]
[SourceQuality "1"]
[TimeControl "40/5400+30:1800+30"]

1. d4 Nf6 2. c4 e6 3. g3 d5 4. Nf3 Be7 5. Bg2 O-O 6. O-O dxc4 7. Ne5 Nc6 8. Bxc6 bxc6 9. Nxc6 Qe8 10. Nxe7+ Qxe7 11. Qa4 c5 12. Qxc4 cxd4 13. Qxd4 e5 {[%emt 0:07:09] E05: Open Catalan: 5 Nf3 Be7} 14. Qh4 Qe6 (14... h6 15. Nc3 Bb7 16. Be3 Qe6 17. Qa4 Bc6 18. Qa6 Rfc8 19. f3 Rab8 20. Rab1 Nd5 21. Nxd5 Bxd5 22. Qxe6 Bxe6 {½-½ (30) Wang,Y (2679)-Wang,H (2710) Hangzhou 2018}) 15. Nc3 Bb7 16. e4 Rac8 {[%emt 0:03:06] LiveBook: 3 Games} 17. Be3 $146 ({Predecessor:} 17. f3 Qb6+ 18. Kg2 h6 19. g4 Rxc3 20. bxc3 Nxe4 21. h3 Nxc3 {1-0 (47) Petrosyan,T (2315)-Oparin,G (2494) Jermuk 2012}) 17... a6 18. f3 Ne8 19. g4 Nd6 20. Qf2 g6 21. Na4 f5 22. Nc5 Rxc5 (22... Qf7 {might work better.}) 23. exf5 ({Don't do} 23. Bxc5 fxg4 24. Bxd6 Qxd6) (23. gxf5 $18 gxf5 24. Bxc5) 23... gxf5 24. Bxc5 fxg4 25. Qg3 Bxf3 26. Bxd6 Qxd6 27. Rxf3 Rxf3 28. Qxg4+ Qg6 29. Qxg6+ hxg6 30. Rc1 Rd3 31. Re1 Rd2 32. Rxe5 Rxb2 33. Ra5 Rb6 34. Kg2 Kg7 35. Kg3 Kh6 36. Kg4 g5 37. a3 Rc6 38. Ra4 Rf6 39. Ra5 Rf4+ 40. Kg3 Rf6 41. Kg4 Rd6 42. Ra4 Rc6 43. Ra5 $11 Rd6 44. Ra4 Kg6 45. Ra5 Rd4+ 46. Kg3 Rd3+ 47. Kg4 1/2-1/2

[Event "IIFL Wealth  4th Mumbai Junior U-13"]
[Site "Mumbai"]
[Date "2019.01.05"]
[Round "7"]
[White "Makwana Devam"]
[Black "Tikam Aradhya"]
[Result "1/2-1/2"]
[ECO "C23"]
[WhiteElo "1617"]
[BlackElo "1332"]
[Annotator "NA"]
[PlyCount "110"]
[EventDate "2018.12.30"]
[EventType "swiss"]
[EventCountry "IND"]
[SourceTitle "playchess.com"]
[Source "ChessBase"]
[SourceQuality "1"]
[TimeControl "40/5400+30:1800+30"]

1. e4 e5 2. Bc4 Nc6 3. Nc3 Bc5 4. d3 d6 5. Na4 Bb6 6. Nxb6 axb6 7. f4 Na5 8. Nf3 Nxc4 9. dxc4 exf4 10. Bxf4 Ne7 11. O-O O-O 12. Bg5 f6 13. Bh4 Ng6 14. Qd5+ Kh8 15. a3 Qe8 16. Bg3 Qf7 17. Qd3 Qe7 18. Nd4 Ne5 19. Bxe5 dxe5 20. Ne2 Be6 21. b4 Qf7 22. c5 bxc5 23. bxc5 Bc4 24. Qe3 Qe7 25. Rfe1 Bxe2 26. Rxe2 Ra5 27. Rb1 c6 28. Rd2 h6 29. Rd6 Rfa8 30. Rb3 Kh7 31. Rbd3 Rb5 32. h3 Rg8 33. Qf2 Qf7 34. Rg3 Qh5 35. Rgd3 Qg6 36. Qe3 Ra8 37. Rd7 Rg8 38. Kh2 Qg5 39. Qe2 Rxc5 40. Rg3 Qf4 41. Qh5 Rc3 42. Qg6+ Kh8 43. Rxg7 Qxg3+ 44. Qxg3 Rxg3 45. Rxg3 Rf8 46. Rd3 Rf7 47. c4 Kg7 48. g4 Rc7 49. c5 Kg6 50. Rd6 Rc8 51. Rd3 Ra8 52. Kg3 Ra4 53. Rb3 Ra5 54. Rc3 Ra4 55. Rb3 Ra5 1/2-1/2

[Event "IIFL Wealth  4th Mumbai Junior U-13"]
[Site "Mumbai"]
[Date "2019.01.05"]
[Round "7"]
[White "Kadam Rishi R"]
[Black "Ananya Arumbakkam"]
[Result "1/2-1/2"]
[ECO "C54"]
[WhiteElo "1604"]
[BlackElo "1405"]
[Annotator "NA RC"]
[PlyCount "74"]
[EventDate "2018.12.30"]
[EventType "swiss"]
[EventCountry "IND"]
[SourceTitle "playchess.com"]
[Source "ChessBase"]
[SourceQuality "1"]
[TimeControl "40/5400+30:1800+30"]

1. e4 e5 2. Nf3 Nc6 3. Bc4 Bc5 4. c3 Nf6 5. d3 O-O 6. O-O d6 7. Nbd2 Ne7 8. d4 exd4 9. cxd4 Bb6 10. h3 d5 11. e5 Ne4 12. Bd3 Bf5 13. Re1 Nxd2 14. Qxd2 h6 15. Qe2 Qd7 16. Be3 Nc6 17. Kh1 Nb4 18. Bb5 Qe7 19. Ba4 c5 20. a3 Nd3 21. Red1 c4 22. Bc2 Be4 23. Bb1 Qd7 24. Ne1 Nxe1 25. Bxe4 dxe4 26. Qxe1 Qd5 27. Rac1 Rac8 28. Qe2 f5 29. f4 a6 30. Rc2 Rc7 31. Rdc1 Rfc8 32. Qh5 Qf7 33. Qe2 Qd5 34. Qh5 Qf7 35. Qe2 Qd5 36. Qh5 Qf7 37. Qe2 Qd5 1/2-1/2

[Event "IIFL Wealth  4th Mumbai Junior U-13"]
[Site "Mumbai"]
[Date "2019.01.05"]
[Round "7"]
[White "Tejes Suresh Kumar"]
[Black "Adreeja Sinha"]
[Result "1-0"]
[ECO "B52"]
[WhiteElo "1586"]
[BlackElo "1366"]
[Annotator "NA RC"]
[PlyCount "79"]
[EventDate "2018.12.30"]
[EventType "swiss"]
[EventCountry "IND"]
[SourceTitle "playchess.com"]
[Source "ChessBase"]
[SourceQuality "1"]
[TimeControl "40/5400+30:1800+30"]

1. e4 c5 2. Nf3 d6 3. Bb5+ Bd7 4. Bxd7+ Qxd7 5. c4 Nf6 6. Nc3 g6 7. d4 cxd4 8. Nxd4 Bg7 9. f3 Nc6 10. Be3 O-O 11. O-O Rac8 12. b3 Qc7 13. Qd2 a6 14. Rac1 Qb8 15. Nxc6 Rxc6 16. Kh1 b5 17. cxb5 axb5 18. Nd5 Rxc1 19. Nxe7+ Kh8 20. Rxc1 Re8 21. Nc6 Qc7 22. Bf4 Rc8 23. Bxd6 Qd7 24. Ne5 Qb7 25. Nxf7+ Kg8 26. Ne5 Rd8 27. Qb4 Ne8 28. Be7 Ra8 29. Qc5 Bxe5 30. Qxe5 Rxa2 31. Bc5 Qc8 32. Qd5+ Kg7 33. Bd4+ Nf6 34. Rxc8 Re2 35. Bxf6+ Kxf6 36. Rc6+ Kg7 37. Qe5+ Kh6 38. Qf4+ Kh5 39. g4+ Kh4 40. Qh6# 1-0

[Event "IIFL Wealth  4th Mumbai Junior U-13"]
[Site "Mumbai"]
[Date "2019.01.05"]
[Round "7"]
[White "Bang Atharva"]
[Black "Srivatsan Karthikeyan"]
[Result "0-1"]
[ECO "D05"]
[WhiteElo "1582"]
[BlackElo "1288"]
[Annotator "NA RC"]
[PlyCount "122"]
[EventDate "2018.12.30"]
[EventType "swiss"]
[EventCountry "IND"]
[SourceTitle "playchess.com"]
[Source "ChessBase"]
[SourceQuality "1"]
[TimeControl "40/5400+30:1800+30"]

1. d4 Nf6 2. Nf3 d5 3. e3 e6 4. Bd3 Be7 5. O-O O-O 6. b3 b6 7. Bb2 Bb7 8. Nbd2 Nbd7 9. Ne5 c5 10. f4 Ne4 11. Bxe4 dxe4 12. Nxd7 Qxd7 13. Qe2 Bf6 14. Nc4 cxd4 15. Rfd1 Qc6 16. Bxd4 Bxd4 17. Rxd4 Ba6 18. Ne5 Qc3 19. Qe1 Qxc2 20. Rd2 Qc3 21. Rc1 Qa5 22. Nc6 Qa3 23. Qd1 Bb7 24. Ne5 Bd5 25. Qc2 Qa6 26. Nc6 Bxc6 27. b4 Bd5 28. Qb2 Rac8 29. Rdc2 Rxc2 30. Rxc2 Qd3 31. Qc1 h6 32. Qd2 Qxd2 33. Rxd2 Rc8 34. Kf2 Rc3 35. f5 Ra3 36. fxe6 Bxe6 37. Rd8+ Kh7 38. Rd4 Rxa2+ 39. Kg3 Bf5 40. h3 Re2 41. Kf4 Bg6 42. g4 Rf2+ 43. Kg3 Rf3+ 44. Kg2 Rxe3 45. h4 h5 46. gxh5 Bxh5 47. Kf2 Rf3+ 48. Ke1 e3 49. Re4 Rh3 50. Rf4 Rh1+ 51. Rf1 Rxf1+ 52. Kxf1 f5 53. b5 f4 54. Ke1 Kg6 55. Kf1 Kf5 56. Kg2 f3+ 57. Kf1 Ke4 58. Ke1 Kd3 59. Kd1 f2+ 60. Kc1 f1=Q+ 61. Kb2 Qd1 0-1

[Event "IIFL Wealth  4th Mumbai Junior U-13"]
[Site "Mumbai"]
[Date "2019.01.05"]
[Round "7"]
[White "Laddha, Shubh Jayesh"]
[Black "Zia, Tahsin Tajwar"]
[Result "1/2-1/2"]
[ECO "B52"]
[WhiteElo "1567"]
[BlackElo "1925"]
[Annotator "NA RC"]
[PlyCount "62"]
[EventDate "2018.12.30"]
[EventType "swiss"]
[EventCountry "IND"]
[SourceTitle "playchess.com"]
[Source "ChessBase"]
[SourceQuality "1"]
[TimeControl "40/5400+30:1800+30"]

1. e4 c5 2. Nf3 d6 3. Bb5+ Bd7 4. Bxd7+ Nxd7 5. O-O Ngf6 6. Qe2 Rc8 7. d3 {[%emt 0:00:16] B52: Sicilian: Moscow Variation with 3...Bd7} (7. c3 e6 8. d4 cxd4 9. cxd4 d5 10. e5 Ne4 11. Be3 Nb6 12. Ne1 f5 13. f3 Ng5 14. b3 Nf7 {½-½ (30) Mamedov,R (2680)-Ivanchuk,V (2729) Kocaeli 2017}) 7... g6 8. Nc3 Bg7 9. h3 $146 ({Predecessor:} 9. Bg5 O-O 10. Nd2 Ne5 11. f4 Nc6 12. Rae1 Nd4 13. Qd1 b5 14. Nf3 h6 {0-1 (32) Kizatbay,A (2088)-O'Gorman,T (2280) Helsingor 2018}) 9... O-O 10. Bg5 h6 11. Be3 Nb8 12. Qd2 Kh7 13. Ne2 Nc6 14. c3 a6 15. Ng3 e6 16. Rfc1 Qe7 17. d4 cxd4 18. cxd4 d5 19. e5 Ne4 20. Qe2 Nxg3 21. fxg3 Na5 22. b3 Qa3 23. Ne1 Qe7 24. Nd3 b6 (24... Nc6 $11) 25. Nf2 Ra8 26. Qd2 Rfc8 27. Ng4 $16 Qf8 28. Rf1 Ra7 29. Rfc1 Raa8 30. Rf1 Ra7 31. Rfc1 Raa8 1/2-1/2

[Event "IIFL Wealth  4th Mumbai Junior U-13"]
[Site "Mumbai"]
[Date "2019.01.05"]
[Round "7"]
[White "Sarvade Mihiir"]
[Black "Vivaan Vijay Saraogi"]
[Result "1-0"]
[ECO "E44"]
[WhiteElo "1563"]
[BlackElo "1290"]
[Annotator "NA RC"]
[PlyCount "99"]
[EventDate "2018.12.30"]
[EventType "swiss"]
[EventCountry "IND"]
[SourceTitle "playchess.com"]
[Source "ChessBase"]
[SourceQuality "1"]
[TimeControl "40/5400+30:1800+30"]

1. d4 Nf6 2. c4 e6 3. Nc3 Bb4 4. e3 b6 5. Nge2 Bb7 6. a3 Be7 7. d5 O-O 8. g3 d6 9. Bg2 Nbd7 10. O-O a5 11. dxe6 Bxg2 12. exf7+ Rxf7 13. Kxg2 Qc8 14. Nd4 Ne5 15. b3 Qb7+ 16. f3 c5 17. Nf5 Raf8 18. Qe2 Nfg4 19. e4 Nf6 20. Bf4 Kh8 21. Rad1 Qc6 22. Kg1 Nh5 23. Bxe5 dxe5 24. f4 Qc7 25. Nxe7 Qxe7 26. Qxh5 exf4 27. gxf4 Rxf4 28. Rxf4 Rxf4 29. Nd5 Qxe4 30. Nxf4 Qe3+ 31. Kh1 Qe4+ 32. Ng2 g6 33. Qh4 Qe6 34. Qd8+ Kg7 35. Rd7+ Qxd7 36. Qxd7+ Kf6 37. Qd6+ Kf5 38. Qxb6 h5 39. Qxc5+ Kg4 40. Qxa5 g5 41. Ne3+ Kf4 42. Qf5+ Kxe3 43. Qxg5+ Kd4 44. c5 Kc3 45. c6 Kxb3 46. c7 Kxa3 47. c8=Q Kb4 48. Qgc5+ Ka4 49. Qb7 h4 50. Qca7# 1-0

[Event "IIFL Wealth  4th Mumbai Junior U-13"]
[Site "Mumbai"]
[Date "2019.01.05"]
[Round "7"]
[White "Adireddy Tarun"]
[Black "Vishal Shewale"]
[Result "1-0"]
[ECO "E91"]
[WhiteElo "1553"]
[BlackElo "1287"]
[Annotator "NA RC"]
[PlyCount "76"]
[EventDate "2018.12.30"]
[EventType "swiss"]
[EventCountry "IND"]
[SourceTitle "playchess.com"]
[Source "ChessBase"]
[SourceQuality "1"]
[TimeControl "40/5400+30:1800+30"]

1. d4 Nf6 2. c4 g6 3. Nc3 Bg7 4. e4 d6 5. Nf3 O-O 6. Be2 Na6 7. O-O e5 8. d5 Nc5 9. Qc2 a5 10. Be3 Ne8 11. Ne1 f5 12. f3 f4 13. Bf2 g5 14. Rb1 h5 15. a3 g4 16. b4 Na6 17. g3 gxf3 18. Nxf3 Bh3 19. Rfd1 axb4 20. axb4 Bg4 21. Rd3 Bh6 22. b5 Nc5 23. Bxc5 Bxf3 24. Bxf3 dxc5 25. Bxh5 Nd6 26. gxf4 Rxf4 27. Rg3+ Kf8 28. Qg2 Ke7 29. Qh3 Qc8 30. Bg4 Qh8 31. Bd7 Qf6 32. Kh1 Rh4 33. Qe6+ Qxe6 34. dxe6 Nxc4 35. Rd1 Bd2 36. Nd5+ Kd6 37. Ne3 Rxe4 38. Nxc4+ Kd5 1-0